 Dungeon Crawl Stone Soup version 0.28-a0-850-g09de17f5b5 (webtiles) character file.

Game seed: 2679416167707207263

28 vurker the Slasher (level 3, -3/35 HPs)
             Began as a Gnoll Cinder Acolyte on Nov 13, 2021.
             Was a High Priest of Ignis.
             Slain by Natasha (8 damage)
             ... on level 2 of the Dungeon.
             The game lasted 00:01:18 (1063 turns).

vurker the Slasher (Gnoll Cinder Acolyte)           Turns: 1063, Time: 00:01:19

Health: -3/35      AC:  2    Str: 14    XL:     3   Next: 14%
Magic:  7/7        EV: 11    Int: 13    God:    Ignis [*****.]
Gold:   31         SH:  0    Dex: 13    Spells: 7/7 levels left

rFire   + . .      SeeInvis .   a - -1 falchion (flame)
rCold   . . .      Faith    .   (no shield)
rNeg    . . .      Spirit   .   b - +0 robe
rPois   .          Reflect  .   (no helmet)
rElec   .          Harm     .   (no cloak)
rCorr   .          Rampage  .   (no gloves)
Will    .....                   (no boots)
Stlth   +.........              (no amulet)
HPRegen 0.11/turn               d - +6 ring of dexterity
MPRegen 0.10/turn               (no ring)

@: slowed, very slow
A: fangs 1, strong nose, distributed training
a: Renounce Religion, Sea of Fire, Foxfire Swarm, Rising Flame


You were on level 2 of the Dungeon.
You worshipped Ignis.
Ignis was extremely pleased with you.
You visited 1 branch of the dungeon, and saw 2 of its levels.

You collected 31 gold pieces.

Inventory:

Hand Weapons
 a - a -1 falchion of flaming (weapon)
Armour
 b - a +0 robe (worn)
Jewellery
 d - a +6 ring of dexterity (left hand)
   (You found it on level 1 of the Dungeon)
Scrolls
 f - 3 scrolls of identify {unknown}
 g - a scroll of acquirement {unknown}
 h - a scroll of magic mapping {unknown}
Potions
 c - 3 potions of curing {unknown}
 e - a potion of lignification {unknown}
 i - a potion of flight {unknown}
 j - a potion of heal wounds {unknown}


   Skills:
 + Level 6.5 Fighting
 + Level 0.6 Short Blades
 + Level 6.5 Long Blades
 + Level 0.6 Axes
 + Level 0.6 Maces & Flails
 + Level 0.6 Polearms
 + Level 0.6 Staves
 + Level 0.6 Slings
 + Level 0.6 Bows
 + Level 0.6 Crossbows
 + Level 0.6 Throwing
 + Level 0.6 Armour
 + Level 0.6 Dodging
 + Level 0.6 Stealth
 + Level 0.6 Shields
 + Level 0.6 Unarmed Combat
 + Level 2.8 Spellcasting
 + Level 0.4 Conjurations
 + Level 0.4 Hexes
 + Level 0.4 Summonings
 + Level 0.4 Necromancy
 + Level 0.4 Translocations
 + Level 0.4 Transmutations
 + Level 5.4 Fire Magic
 + Level 0.4 Ice Magic
 + Level 0.4 Air Magic
 + Level 0.4 Earth Magic
 + Level 0.4 Poison Magic
 + Level 0.8 Invocations
 + Level 0.6 Evocations


You had 7 spell levels left.
You didn't know any spells.
Your spell library contained the following spells:

 Spells                   Type           Power      Damage    Failure   Level
 Scorch                   Fire           30%        2d6       3%          2


Dungeon Overview and Level Annotations

Branches:
Dungeon (2/15)

Altars:

Annotations:
D:2 Natasha


Innate Abilities, Weirdness & Mutations

You have very sharp teeth.
Your uncanny sense of smell can sniff out nearby items.
Your experience applies equally to all skills.


Message History

You hit the kobold. You burn the kobold. The kobold barely misses you.
You barely miss the kobold. The kobold hits you but does no damage.
You hit the kobold. You burn the kobold.
You kill the kobold!
No target in view!
No target in view!
No target in view!
No target in view!
No target in view!
No target in view!
No target in view!
Things that are here:
a +0 dagger; a kobold corpse
Found a sapphire potion.
Found 6 gold pieces.
j - a sapphire potion You now have 31 gold pieces (gained 6).
Found a stone staircase leading up.
A ball python comes into view.
A ball python is nearby!
A ball python is nearby!
The ball python hisses angrily.
You hear an angry hiss.
Natasha, Servant of Life and Death comes into view.
The ball python completely misses you. The ball python misses you.
Natasha drinks a potion.
Natasha seems to speed up.
You hit the ball python but do no damage.
The ball python closely misses you. x2
You slash the ball python! You burn the ball python.
You kill the ball python!
Natasha claws you!
You hit Natasha but do no damage. Natasha barely misses you. x2
You hit Natasha but do no damage. Natasha claws you.
You slash Natasha! You burn Natasha. Natasha closely misses you.
You hit Natasha. You burn Natasha. You bite Natasha, but do no damage.
Natasha claws you!
* * * LOW HITPOINT WARNING * * *
Natasha claws you but does no damage.
You barely miss Natasha. Natasha casts a spell at you. The magic dart hits you.
* * * LOW HITPOINT WARNING * * *
You closely miss Natasha. Natasha claws you.
* * * LOW HITPOINT WARNING * * *
Natasha claws you.
* * * LOW HITPOINT WARNING * * *
You closely miss Natasha. You bite Natasha, but do no damage.
Natasha casts a spell at you.
You feel yourself slow down. Flames leap up around you! Natasha claws you!
You die...

#..# ###
##.# #####
#.# #....
#.# #.###
#.# ∆ ###
#
#.#######
#
##vvv.....
#
#vvv######
# #..#@vv#
# #.##h#v#
#. #v#..#
#. #.# ...
# ... #..#
... #..#
... .
.....


You could see Natasha (fast, ally target).

Vanquished Creatures
  A dart slug (D:2)
  2 ball pythons
  3 endoplasms
  4 goblins
  2 hobgoblins (D:1)
  4 jackals (D:1)
  A kobold (D:2)
  3 bats
  3 frilled lizards
23 creatures vanquished.

Notes
Turn   | Place    | Note
-------+----------+-------------------------------------------
     0 | D:1      | vurker the Gnoll Cinder Acolyte began the quest for the
                  | Orb.
     0 | D:1      | Reached XP level 1. HP: 23/23 MP: 4/4
    54 | D:1      | Reached XP level 2. HP: 24/29 MP: 5/5
   837 | D:2      | Reached XP level 3. HP: 29/35 MP: 7/7
  1051 | D:2      | Noticed Natasha
  1063 | D:2      | Slain by Natasha

Illustrated notes

Levels and vault maps discovered:
D:1:      dpeg_arrival_tiny_h, layout_rooms, kennysheep_decorative_pillar
D:2:      minmay_alternating_diamond, layout_rooms,
          dreamdust_ecumenical_altar_hidden_monk_grotto, uniq_natasha

Action                   || total
-------------------------++-------
Melee: Falchion          ||    84
       Bite              ||     4
Invok: Foxfire Swarm     ||     1
Armor: Robe              ||    21
Dodge: Dodged            ||    72

Table legend: (Time is in decaauts)
 A = Elapsed time spent in this place.
 B = Non-inter-level travel time spent in this place.
 C = Inter-level travel time spent in this place.
 D = Time resting spent in this place.
 E = Time spent auto-exploring this place.
 F = Levels seen in this place.
 G = Mean time per level.
                   A        B        C        D        E       F      G
               +--------+--------+--------+--------+--------+-----+--------+
         Total |   1060 |   1032 |     28 |      0 |    812 |   2 |  530.0 |
       Dungeon |   1060 |   1032 |     28 |      0 |    812 |   2 |  530.0 |
               +--------+--------+--------+--------+--------+-----+--------+

Top non-repeatable levels by time:
     D:1: 738 daAuts
     D:2: 321 daAuts
